 Dungeon Crawl Stone Soup version 0.27-a0-216-g1fbed8a51c (webtiles) character file.

Game seed: 8930065503228036097

87 jasper the Sneak (level 4, -2/21 HPs)
             Began as a Spriggan Enchanter on Jan 31, 2021.
             Slain by a goblin (4 damage)
             ... led by Robin
             ... on level 3 of the Dungeon.
             The game lasted 00:04:17 (2353 turns).

jasper the Sneak (Spriggan Enchanter)               Turns: 2353, Time: 00:04:18

Health: -2/21      AC:  2    Str:  4    XL:     4   Next: 28%
Magic:  9/9        EV: 23    Int: 17    God:
Gold:   156        SH:  0    Dex: 16    Spells: 6/8 levels left

rFire    . . .     SeeInvis +   f - +2 dagger (venom)
rCold    . . .     Faith    .   (shield restricted)
rNeg     . . .     Spirit   .   b - +0 robe
rPois    .         Reflect  .   (helmet restricted)
rElec    .         Harm     .   (no cloak)
rCorr    .         Rampage  .   (gloves unavailable)
Will     .....                  (boots unavailable)
Stlth    ++........             (no amulet)
HPRegen  0.07/turn              e - +4 ring of evasion
MPRegen  0.11/turn              k - ring of attention

@: very quick
A: very small, unfitting armour, see invisible, speed 3
a: no special abilities


You were on level 3 of the Dungeon.
You visited 1 branch of the dungeon, and saw 3 of its levels.

You collected 156 gold pieces.

Inventory:

Hand Weapons
 a - a +1 dagger
 f - a +2 dagger of venom (weapon)
 j - a +2 dagger of pain
Missiles
 c - 23 bolts
 m - 3 poisoned darts
Armour
 b - a +0 robe (worn)
Jewellery
 e - a +4 ring of evasion (left hand)
 k - a ring of attention (right hand)
 l - an uncursed ring of positive energy {unknown}
 o - an uncursed ring of willpower {unknown}
Scrolls
 i - a scroll of remove curse
 p - a scroll of teleportation {unknown}
 q - a scroll of noise {unknown}
Potions
 d - a potion of haste
 g - 2 potions of attraction {unknown}
 n - 2 potions of heal wounds {unknown}
 r - a potion of berserk rage {unknown}


   Skills:
 + Level 2.1 Short Blades
 + Level 3.9 Dodging
 * Level 6.0 Stealth
 - Level 2.6 Spellcasting
 + Level 4.3 Hexes
 + Level 0.4 Ice Magic


You had 6 spell levels left.
You knew the following spells:

 Your Spells              Type           Power        Failure   Level
a - Ensorcelled Hibernat  Hex/Ice        20%          11%         2

Your spell library contained the following spells:

 Spells                   Type           Power        Failure   Level
 Corona                   Hex            17%          3%          1
 Confusing Touch          Hex            16%          10%         3
 Tukima's Dance           Hex            16%          10%         3
 Dazzling Flash           Conj/Hex       18%          22%         3


Dungeon Overview and Level Annotations

Branches:
Dungeon (3/15)

Altars:
Elyvilon

Annotations:
D:3 Robin


Innate Abilities, Weirdness & Mutations

You are very small and have problems with some larger weapons.
You are too small for most types of armour.
You have supernaturally acute eyesight. (SInv)
You cover ground extremely quickly.


Message History

You kill the goblin!
Robin roars a battlecry!
The goblins go into a battle-frenzy!
The goblin closely misses you. The goblin barely misses you.
The hobgoblin completely misses you. The goblin completely misses you.
The goblin shouts!
As you read the scroll labelled FAIJAO XOAGIUQUN, it crumbles to dust.
You feel as if something is helping you.
It was a scroll of remove curse.
The goblin misses you. The goblin completely misses you.
The goblin hits you with a +0 club!
* * * LOW HITPOINT WARNING * * *
The hobgoblin hits you but does no damage.
The goblin closely misses you.
The goblin unwields a +0 hunting sling.
The goblin wields a +0 dagger.
The goblin misses you.
You take 7 damage, and have 2/21 hp.
MASSIVE DAMAGE!!
Okay, then.
As you read the scroll labelled TUPRYTZIUKH, it crumbles to dust.
The scroll dissolves into smoke.
It was a scroll of fog.
The goblin completely misses you. The goblin hits you.
You die...

#.##########.#..#########
#.##########.#..#
#............#..#
############.#..###
#..............#
#.##########.#.# #.#
#.#.# #.# ##g#.# #.#
#g@g.# #.# #.ggg.# #.#
#.g.g§..# #.# #........#
#.# #.g......# #.#
#<#.....## #.# #.##..!##
#.# # #.### #.#


You could see Robin, a hobgoblin (strong) and 7 goblins.

Vanquished Creatures
  An ooze (D:1)
  A worm (D:3)
  2 leopard geckos
  4 orcs
  15 bats
  2 giant cockroaches
  11 goblins
  3 hobgoblins
  8 jackals (D:3)
  7 kobolds
  3 quokkas
  A ball python (D:2)
  2 frilled lizards
  3 rats (D:1)
63 creatures vanquished.

Notes
Turn   | Place    | Note
-------+----------+-------------------------------------------
     0 | D:1      | jasper the Spriggan Enchanter began the quest for the Orb.
     0 | D:1      | Reached XP level 1. HP: 9/9 MP: 5/5
   212 | D:1      | Reached XP level 2. HP: 13/13 MP: 6/6
   589 | D:1      | Reached skill level 5 in Stealth
  1128 | D:1      | Learned a level 2 spell: Ensorcelled Hibernation
  1145 | D:1      | Reached XP level 3. HP: 14/16 MP: 8/8
  1971 | D:3      | Reached XP level 4. HP: 21/21 MP: 9/9
  2071 | D:3      | Found a white marble altar of Elyvilon.
  2108 | D:3      | Reached skill level 6 in Stealth
  2231 | D:3      | Found a faded altar of an unknown god.
  2344 | D:3      | Noticed Robin
  2353 | D:3      | Slain by a goblin

Illustrated notes

Levels and vault maps discovered:
D:1:      dpeg_arrival_stone_temple_mockup, layout_basic
D:2:      layout_basic, nicolae_overflow_hidden_temple
D:3:      layout_loops_ring, old_standard_altar,
          chequers_ecumenical_altar_simple, uniq_robin

Skill      XL: |  1  2  3  4 |
---------------+-------------+-----
Stealth        | 5 6 |  6.0
Hexes          | 4 |  4.3
Short Blades   | 2 |  2.1
Dodging        | |  3.9
Spellcasting   | |  2.6
Ice Magic      | |  0.4

Action                   |  1- 3 |  4- 6 || total
-------------------------+-------+-------++-------
Melee: Dagger            |   177 |    50 ||   227
  Use: Scroll            |     2 |     2 ||     4
 Stab: Sleeping          |     8 |     1 ||     9
Armor: Robe              |    23 |    10 ||    33
Dodge: Dodged            |   180 |    98 ||   278

Table legend: (Time is in decaauts)
 A = Elapsed time spent in this place.
 B = Non-inter-level travel time spent in this place.
 C = Inter-level travel time spent in this place.
 D = Time resting spent in this place.
 E = Time spent auto-exploring this place.
 F = Levels seen in this place.
 G = Mean time per level.
                   A        B        C        D        E       F      G
               +--------+--------+--------+--------+--------+-----+--------+
         Total |   1800 |   1761 |     39 |    374 |    903 |   3 |  600.0 |
       Dungeon |   1800 |   1761 |     39 |    374 |    903 |   3 |  600.0 |
               +--------+--------+--------+--------+--------+-----+--------+

Top non-repeatable levels by time:
     D:1: 1188 daAuts
     D:3: 399 daAuts
     D:2: 212 daAuts
